 Dungeon Sprint DCSS version 0.26-a0-1205-g4083c211ab (webtiles) character file.

Game seed: 6485265398383702309

429 tsouns the Cleaver (level 6, -3/72 HPs)
             Began as a Naga Gladiator on Dec 29, 2020.
             Was an Initiate of Cheibriados.
             Slain by Sonja
             ... wielding a +2 short sword of distortion
              (9 damage)
             ... in the Dungeon (Sprint I: "Red Sonja").
             The game lasted 00:02:35 (926 turns).

tsouns the Cleaver (Naga Gladiator)                  Turns: 926, Time: 00:02:36

Health: -3/72      AC:  4    Str: 19    XL:     6   Next: 98%
Magic:  6/6        EV: 11    Int:  9    God:    Cheibriados [......]
Gold:   297        SH:  0    Dex: 14    Spells: 5/5 levels left

rFire    . . .     SeeInvis +   a - +0 war axe
rCold    . . .     Faith    .   (no shield)
rNeg     . . .     Spirit   .   b - +0 leather armour
rPois    +         Reflect  .   c - +0 helmet
rElec    .         Harm     .   (no cloak)
rCorr    .         Rampage  .   (no gloves)
Will     .....     NoTele   +   (no barding)
Stlth    +.........             g - amulet of inaccuracy (curse)
HPRegen  0.22/turn              (no ring)
MPRegen  0.10/turn              (no ring)

@: lethally poisoned (-3 -> -10), slowed, very slow
A: large, see invisible, deformed body, poison resistance, slowness 2, spit
poison 1, AC +2
a: Spit Poison, Renounce Religion, Bend Time


You were in the Dungeon.
You worshipped Cheibriados.
Cheibriados was noncommittal.
You visited 1 branch You collected 297 gold pieces.

Inventory:

Hand Weapons
 a - a +0 war axe (weapon)
Armour
 b - a +0 leather armour (worn)
 c - a +0 helmet (worn)
Jewellery
 g - a cursed amulet of inaccuracy (around neck)
Scrolls
 j - a scroll of blinking
Potions
 e - a potion of curing
 f - a potion of heal wounds
 h - 2 potions of magic
 i - a potion of flight {unknown}


   Skills:
 + Level 9.7 Fighting
 + Level 10.4 Axes
 - Level 2.3 Throwing
 - Level 0.9 Armour
 - Level 3.7 Dodging


You had 5 spell levels left.
You didn't know any spells.
Your spell library was empty.

Dungeon Overview and Level Annotations

Branches:
Dungeon (1/1)

Altars:
Cheibriados
Dithmenos
Elyvilon
Fedhas
Gozag
Hepliaklqana
Kikubaaqudgha
Nemelex Xobeh
Okawaru
Qazlal
Ru
Sif Muna
Trog
Uskayaw
Vehumet
Wu Jian
Yredelemnul
Zin
The Shining One

Shops:
D (

Annotations:
D Sonja


Innate Abilities, Weirdness & Mutations

You cannot wear boots.
Your serpentine skin is tough. (AC +2)
You have supernaturally acute eyesight. (SInv)
Armour fits poorly on your strangely shaped body.
Your system is resistant to poisons. (rPois)
You cover ground very slowly.
You can spit poison.


Message History

You feel very sick.
Sonja hits you with a +2 short sword of distortion.
Space bends around you.
Sonja hits you with a +2 short sword of distortion.
Sonja barely misses you.
Sonja hits you with a +2 short sword of distortion!
Space warps horribly around you!
Sonja hits you with a +2 short sword of distortion.
Space bends around you.
* * * LOW HITPOINT WARNING * * *
Sonja hits you with a +2 short sword of distortion.
* * * LOW HITPOINT WARNING * * *
Sonja hits you with a +2 short sword of distortion.
* * * LOW HITPOINT WARNING * * *
Space bends around you.
* * * LOW HITPOINT WARNING * * *
Sonja hits you with a +2 short sword of distortion.
* * * LOW HITPOINT WARNING * * *
Space warps horribly around you!
You die...

#<.#.[').#..'..#
#..'..#..').#..+
#..#####'#####'#
#..####..#...#.#
#..#__####..##)#
#..#_____##'#_.+
#⌠⌠#_.∩...†.(._#
####_..__##_(#'#
#_____###@#[#
####### #K###
$.$ #$.$# ##.##
#+#


You could see Sonja.

Vanquished Creatures
  Sigmund (D)
  A yak (D)
  An ogre (D)
  A jelly (D)
  Ijyb (D)
5 creatures vanquished.

Notes
Turn   | Place    | Note
-------+----------+-------------------------------------------
     0 | D        | tsouns the Naga Gladiator began the quest for the Orb.
     0 | D        | Reached XP level 1. HP: 19/19 MP: 1/1
     2 | D        | Noticed Ijyb
    17 | D        | Killed Ijyb
    18 | D        | Reached skill level 4 in Axes
    18 | D        | Reached XP level 2. HP: 13/27 MP: 2/2
    18 | D        | Reached XP level 3. HP: 16/33 MP: 3/3
   207 | D        | Noticed an ogre
   217 | D        | Killed an ogre
   218 | D        | Reached skill level 5 in Fighting
   218 | D        | Reached skill level 6 in Axes
   218 | D        | Reached XP level 4. HP: 15/48 MP: 4/4
   418 | D        | Noticed Sigmund
   427 | D        | Killed Sigmund
   428 | D        | Reached skill level 9 in Axes
   428 | D        | Reached XP level 5. HP: 45/58 MP: 5/5
   428 | D        | Reached XP level 6. HP: 52/67 MP: 6/6
   510 | D        | Found a shimmering blue altar of Sif Muna.
   511 | D        | Found an ornate altar of the Wu Jian Council.
   512 | D        | Found a radiant altar of Vehumet.
   830 | D        | Found Quer's Weapon Emporium.
   830 | D        | Found an ancient bone altar of Kikubaaqudgha.
   830 | D        | Found a hazy altar of Hepliaklqana.
   830 | D        | Found a hide-covered altar of Uskayaw.
   830 | D        | Found a basalt altar of Yredelemnul.
   830 | D        | Found an opulent altar of Gozag.
   830 | D        | Found a snail-covered altar of Cheibriados.
   830 | D        | Found a sacrificial altar of Ru.
   830 | D        | Found a shadowy altar of Dithmenos.
   830 | D        | Noticed a yak
   840 | D        | Killed a yak
   841 | D        | Reached skill level 10 in Axes
   841 | D        | Found a stormy altar of Qazlal.
   841 | D        | Found a blossoming altar of Fedhas.
   841 | D        | Found a bloodstained altar of Trog.
   841 | D        | Found an iron altar of Okawaru.
   841 | D        | Found a glowing golden altar of the Shining One.
   841 | D        | Found a glowing silver altar of Zin.
   841 | D        | Found a white marble altar of Elyvilon.
   842 | D        | Found a sparkling altar of Nemelex Xobeh.
   853 | D        | Became a worshipper of Cheibriados the Contemplative
   923 | D        | Noticed Sonja
   926 | D        | Slain by Sonja

Illustrated notes

Levels and vault maps discovered:
D:        dungeon_sprint_1 [red_sonja_temple_1, red_sonja_temple_small_1]

Skill      XL: |  1  2  3  4  5  6 |
---------------+-------------------+-----
Axes           | 4 6 9 10 | 10.4
Throwing       | 2 |  2.3
Dodging        | 3 |  3.7
Fighting       | 5 8 9 |  9.7
Armour         | |  0.9

Action                   |  1- 3 |  4- 6 || total
-------------------------+-------+-------++-------
Melee: War axe           |    20 |    20 ||    40
Throw: Throwing net      |     2 |     1 ||     3
  Use: Potion            |     1 |     1 ||     2
 Stab: Held in net/web   |     1 |     1 ||     2
Armor: Leather armour    |     1 |     3 ||     4
Dodge: Dodged            |     6 |     6 ||    12

Table legend: (Time is in decaauts)
 A = Elapsed time spent in this place.
 B = Non-inter-level travel time spent in this place.
 C = Inter-level travel time spent in this place.
 D = Time resting spent in this place.
 E = Time spent auto-exploring this place.
 F = Levels seen in this place.
 G = Mean time per level.
                   A        B        C        D        E       F      G
               +--------+--------+--------+--------+--------+-----+--------+
         Total |    949 |    949 |      0 |    597 |    200 |   1 |  949.0 |
       Dungeon |    949 |    949 |      0 |    597 |    200 |   1 |  949.0 |
               +--------+--------+--------+--------+--------+-----+--------+

Top non-repeatable levels by time:
       D: 949 daAuts
